 Dungeon Crawl Stone Soup version 0.31.0-32-g396128a36d (webtiles) character file.

Game seed: 9938691954625168332

1873 PaiMei the Grave Robber (level 8, -5/63 HPs)
             Began as a Demonspawn Necromancer on Mar 31, 2024.
             Killed from afar by a bog mummy (8 damage)
             ... with a puff of frost
             ... in an ossuary on Apr 1, 2024.
             The game lasted 00:15:59 (6150 turns).

PaiMei the Grave Robber (Demonspawn Necromancer)    Turns: 6150, Time: 00:16:00

Health: -5/63      AC:  5    Str:  8    XL:     8   Next: 91%
Magic:  16/16      EV: 14    Int: 19    God:
Gold:   171        SH:  0    Dex: 13    Spells: 14/18 levels left

rFire   + . .        g - +2 spear (heavy)
rCold   . . .        (no shield)
rNeg    . . .        a - +0 robe
rPois   .            n - +0 helmet
rElec   .            (no cloak)
rCorr   .            (no gloves)
SInv    .            (no boots)
Will    +....        (no amulet)
Stlth   ++           B - ring of protection from fire
HPRegen 0.30/turn    (no ring)
MPRegen 0.15/turn

%: no passive effects
@: mighty, attractive, enlightened, flying, slowed, very slow
A: slimy green scales 1, powered by death 2, demonic magic 2
a: no special abilities


You were in an ossuary.
You visited 2 branches of the dungeon, and saw 7 of its levels.
You also visited: Ossuary.

You collected 171 gold pieces.

Inventory:

Hand Weapons
 c - a +0 trident
 g - a +2 heavy spear (weapon)
 y - a +0 spear of freezing
Missiles
 u - 8 poisoned darts
Armour
 a - a +0 robe (worn)
 n - a +0 helmet (worn)
 A - a +0 kite shield
Jewellery
 B - a ring of protection from fire (left hand)
Wands
 p - a wand of quicksilver (7)
 x - a wand of iceblast (6)
Scrolls
 d - 3 scrolls of vulnerability {unknown}
 f - a scroll of immolation {unknown}
 h - 4 scrolls of identify {unknown}
 i - a scroll of amnesia {unknown}
 l - 2 scrolls of fog {unknown}
 m - 3 scrolls of teleportation {unknown}
 o - 2 scrolls of acquirement {unknown}
 s - a scroll of revelation {unknown}
 t - a scroll of poison {unknown}
Potions
 b - a potion of magic
 e - a potion of mutation {unknown}
 j - a potion of might
 k - 2 potions of enlightenment
 q - a potion of attraction
 v - a potion of brilliance {unknown}
 w - a potion of degeneration {unknown}
 z - a potion of haste {unknown}


   Skills:
 + Level 5.5 Fighting
 + Level 5.5 Dodging
 - Level 2.0 Stealth
 + Level 5.6 Spellcasting
 + Level 7.7 Necromancy


You had 14 spell levels left.
You knew the following spells:

 Your Spells              Type           Power      Damage    Failure   Level
a - Necrotise             Necr           100%       1d9       1%          1
b - Vampiric Draining     Necr           34%        2d8       1%          3

Your spell library contained the following spells:

 Spells                   Type           Power      Damage    Failure   Level
 Animate Dead             Necr           34%        N/A       4%          4
 Curse of Agony           Necr           34%        N/A       14%         5


Dungeon Overview and Level Annotations

Branches:
Dungeon (6/15)             Temple (1/1) D:6         Ossuary (1/1)

Altars:
Ashenzari
Cheibriados
Dithmenos
Gozag
Hepliaklqana
Nemelex Xobeh
Okawaru
Qazlal
Ru
Uskayaw
Wu Jian
Yredelemnul

Shops:
D:3 (   D:5 [

Annotations:
D:3 1 runed translucent door, Sneer's ghost, amateur OpSh
D:4 Grinder


Innate Abilities, Weirdness & Mutations

You are partially covered in slimy green scales. (AC +2)
You regenerate health from kills.
Spells you cast may paralyse nearby enemies.


Message History

You hit the bog mummy.
The bog mummy is severely damaged.
The bog mummy hits you!
* * * LOW HITPOINT WARNING * * *
The bog mummy barely misses you.
The bog mummy points at you and mumbles some strange words.
You resist with some effort.
There is an open door, spattered with blood here.
The bog mummy attacks as it pursues you!
The bog mummy barely misses you.
You hit the bog mummy.
The bog mummy is almost destroyed.
The bog mummy hits you!
* * * LOW HITPOINT WARNING * * *
The bog mummy misses you.
It was a potion of enlightenment.
You feel very buoyant.
You fly up into the air.
The bog mummy gestures at you while chanting.
The puff of frost hits you.
* * * LOW HITPOINT WARNING * * *
It was a potion of curing.
You feel better.
It was a potion of attraction.
You feel attractive to monsters. The bog mummy casts a spell at you.
The puff of frost hits you!
* * * LOW HITPOINT WARNING * * *
It was a potion of might.
You feel very mighty all of a sudden.
You feel yourself speed up.
The bog mummy points at you and mumbles some strange words.
You feel yourself slow down.
You puncture the bog mummy!
You destroy the bog mummy!
You feel better. The bog mummy hits you!
* * * LOW HITPOINT WARNING * * *
You barely miss the bog mummy. The bog mummy closely misses you.
You barely miss the bog mummy.
The bog mummy gestures at you while chanting.
The puff of frost hits you!
You die...

#############
#.#.#.#.#.#@#
#'#'#'#'#'#M#+###
+...........~~..#
#.#####.#####~~~~#
+.#...#.# ~~P≈#
#.'.∩.#~# #~~≈#
+.#..∩#.# .#≈≈
#.#####~# ≈ # +.+
+.+ ≈


You could see a bog mummy.

Vanquished Creatures
  Pikel (D:4)
  Edmund (D:4)
  A black bear (D:4)
  A centaur (D:5)
  2 ogres (D:5)
  A phantom (D:5)
  A kobold brigand (D:6)
  A gnoll sergeant (D:5)
  3 scorpions
  A bombardier beetle (D:5)
  4 hounds
  A bullfrog zombie (Ossuary)
  A sleepcap (D:4)
  4 iguanas
  2 mummies (Ossuary)
  A howler monkey zombie (Ossuary)
  7 gnolls
  6 adders
  3 shadow imps
  3 ribbon worms
  A dart slug (D:3)
  8 orcs
  6 endoplasms
  4 giant cockroaches
  5 goblins
  3 hobgoblins
  2 jackals (D:5)
  4 quokkas
  7 ball pythons
  3 ball python zombies (Ossuary)
  3 bats
  2 frilled lizards
  15 kobolds
  5 rats
113 creatures vanquished.

Vanquished Creatures (collateral kills)
  An orc (D:6)
  A hobgoblin (D:3)
  A rat (D:2)
3 creatures vanquished.

Grand Total: 116 creatures vanquished

Notes
Turn   | Place    | Note
-------+----------+-------------------------------------------
     0 | D:1      | PaiMei the Demonspawn Necromancer began the quest for the
                  | Orb.
     0 | D:1      | Reached XP level 1. HP: 13/13 MP: 3/3
   336 | D:1      | Gained mutation: You regenerate a little health from kills.
                  | [demonic ancestry]
   336 | D:1      | Reached XP level 2. HP: 19/19 MP: 3/5
   609 | D:1      | Found a faded altar of an unknown god.
  1499 | D:2      | Found a stormy altar of Qazlal.
  1570 | D:2      | Reached XP level 3. HP: 23/25 MP: 4/6
  2021 | D:3      | Reached skill level 1 in Fighting
  2039 | D:3      | Gained mutation: Spells you cast may paralyse adjacent
                  | enemies. [demonic ancestry]
  2039 | D:3      | Reached XP level 4. HP: 32/32 MP: 1/7
  2628 | D:3      | Learned a level 3 spell: Vampiric Draining
  2836 | D:3      | Reached skill level 5 in Necromancy
  2873 | D:3      | Found a runed translucent door.
  2873 | D:3      | Noticed Sneer's ghost (amateur OpSh)
  2943 | D:3      | Found a hazy altar of Hepliaklqana.
  2947 | D:3      | Found Jomo's Antique Weapon Boutique.
  3079 | D:4      | Noticed Pikel
  3079 | D:4      | Noticed a lemure
  3079 | D:4      | Noticed a lemure
  3079 | D:4      | Noticed a lemure
  3079 | D:4      | Found a stormy altar of Qazlal.
  3082 | D:4      | Noticed a lemure
  3207 | D:4      | Killed Pikel
  3208 | D:4      | Reached skill level 6 in Necromancy
  3208 | D:4      | Gained mutation: You are partially covered in slimy green
                  | scales. (AC +2) [demonic ancestry]
  3208 | D:4      | Reached XP level 5. HP: 23/41 MP: 0/10
  3208 | D:4      | Reached XP level 6. HP: 27/47 MP: 0/11
  3208 | D:4      | Gained mutation: Spells you cast may paralyse nearby
                  | enemies. [demonic ancestry]
  3208 | D:4      | Reached XP level 7. HP: 30/52 MP: 0/12
  3619 | D:4      | Noticed Grinder
  3651 | D:4      | Paralysed by Grinder for 2 turns
  3658 | D:4      | Paralysed by Grinder for 5 turns
  4258 | D:4      | Noticed Edmund
  4268 | D:4      | Killed Edmund
  4269 | D:4      | Gained mutation: You regenerate health from kills. [demonic
                  | ancestry]
  4269 | D:4      | Reached XP level 8. HP: 29/61 MP: 0/15
  4276 | D:4      | Paralysed by Grinder for 4 turns
  4469 | D:5      | Entered Level 5 of the Dungeon
  4677 | D:5      | Reached skill level 5 in Spellcasting
  4677 | D:5      | Reached skill level 7 in Necromancy
  4776 | D:5      | Reached skill level 5 in Dodging
  4852 | D:5      | Reached skill level 5 in Fighting
  5258 | D:5      | Found Suasie Kuokk's Armour Boutique.
  5719 | D:6      | Found the +7 Kryia's mail coat {PotionHeal*2 rC+}
  5769 | D:6      | Found a staircase to the Ecumenical Temple.
  5774 | Temple   | Entered the Ecumenical Temple
  5848 | D:6      | Identified the +3 pair of gloves of Uqymuv {+Blink Fly
                  | Will- Regen+}
  6072 | D:6      | Found a sand-covered staircase.
  6079 | Ossuary  | Entered an ossuary
  6143 | Ossuary  | HP: 3/63 [bog mummy/puff of frost (4)]
  6148 | Ossuary  | HP: 2/63 [bog mummy (14)]
  6150 | Ossuary  | Killed from afar by a bog mummy

Illustrated notes

Levels and vault maps discovered:
D:1:      eino_arrival_tree_alley, layout_basic, ebering_ecumenical_altar_box,
          chequers_serial_rivers_micro_a, chequers_avenue
D:2:      layout_basic, basic_altar, grunt_ministairs_6
D:3:      layout_loops_ring, nicolae_hepliaklqana_hazy_memory,
          gammafunk_ghost_grave, serial_shops, nicolae_shop_statue_plus
D:4:      layout_basic, nicolae_qazlal_scattered_showers, uniq_pikel,
          uniq_edmund, uniq_grinder
D:5:      layout_loops_cross, mainiacjoe_overflow_small_starburst, serial_shops,
          shop, kennysheep_decorative_pillar, palyth_stone_intersect,
          minmay_holes
D:6:      layout_loops_ring, minmay_temple_entry_glassed_door,
          nicolae_ossuary_entry_monument, hangedman_abyss_or_decor_passed,
          uniq_crazy_yiuf_cottage
Temple:   nicolae_temple_ecumenical_triangle
Ossuary:  ossuary_zaba_flooded

Skill      XL: |  1  2  3  4  5  6  7  8 |
---------------+-------------------------+-----
Stealth        | 2 |  2.0
Dodging        | 2 3 4 5 |  5.5
Fighting       | 1 3 4 5 |  5.5
Necromancy     | 6 7 |  7.7
Spellcasting   | 3 4 5 |  5.6

Action                     |  1- 3 |  4- 6 |  7- 9 || total
---------------------------+-------+-------+-------++-------
  Melee: Trident           |     4 |       |       ||     4
         Unarmed           |     1 |       |       ||     1
         Spear             |    24 |     7 |   125 ||   156
         Punch             |       |       |     2 ||     2
   Cast: Necrotise         |    60 |    41 |    57 ||   158
         Vampiric Draining |       |     1 |    32 ||    33
    Use: Potion            |       |       |     5 ||     5
   Stab: Paralysed         |       |     3 |    36 ||    39
         Distracted        |       |       |     3 ||     3
 Armour: Robe              |    26 |     8 |   116 ||   150
  Dodge: Dodged            |    31 |     8 |   117 ||   156
